 Dungeon Crawl Stone Soup version 0.28.0-53-g5a82cb258f (webtiles) character file.

Game seed: 9100673080459337058

12846 Peloso the Carver (level 11, -3/99 HPs)
             Began as a Minotaur Fighter on May 22, 2022.
             Was a High Priest of Okawaru.
             Slain by a yak (11 damage)
             ... on level 11 of the Dungeon.
             The game lasted 00:20:07 (13300 turns).

Peloso the Carver (Minotaur Fighter)               Turns: 13300, Time: 00:20:07

Health: -3/99      AC: 15    Str: 26    XL:     11   Next: 67%
Magic:  8/10       EV: 14    Int:  5    God:    Okawaru [*****.]
Gold:   1031       SH: 12    Dex: 12    Spells: 10/10 levels left

rFire   + . .      SeeInvis .   a - +3 scimitar (flame)
rCold   . . .      Faith    .   c - +0 buckler
rNeg    . . .      Spirit   .   b - +2 scale mail {rF+}
rPois   +          Reflect  +   (helmet restricted)
rElec   .          Harm     .   g - +0 cloak
rCorr   +          Rampage  .   (no gloves)
Will    .....                   h - +0 pair of boots
Stlth   ++........              H - amulet of reflection
HPRegen 0.26/turn               i - ring of poison resistance
MPRegen 0.12/turn               E - ring "Sykakk" {+Blink rCorr Str+3}

@: heroic
A: horns 2, retaliatory headbutt
a: Renounce Religion, Evoke Blink, Heroism, Finesse, Duel


You were on level 11 of the Dungeon.
You worshipped Okawaru.
Okawaru was extremely pleased with you.
You visited 2 branches of the dungeon, and saw 12 of its levels.
You also visited: Ossuary.

You collected 1115 gold pieces.
You spent 84 gold pieces at shops.

Inventory:

Hand Weapons
 a - a +3 scimitar of flaming (weapon)
Missiles
 D - a throwing net (quivered)
Armour
 b - a +2 scale mail of fire resistance (worn)
 c - a +0 buckler (worn)
 g - a +0 cloak (worn)
 h - a +0 pair of boots (worn)
 j - a +0 chain mail
 q - +1 fire dragon scales
Jewellery
 i - a ring of poison resistance (left hand)
 E - the ring "Sykakk" (right hand) {+Blink rCorr Str+3}
   (You found it on level 7 of the Dungeon)

   [ring of resist corrosion]

   Str:       It affects your strength (+3).
   +Blink:    It lets you blink.
   rCorr:     It protects you from acid and corrosion.
 G - a ring of see invisible
 H - an amulet of reflection (around neck)
 L - an amulet of faith
 N - a ring of fire
Wands
 m - a wand of digging (7)
 A - a wand of paralysis (10)
 F - a wand of iceblast (3)
 J - a wand of acid (8)
Scrolls
 e - 6 scrolls of enchant armour
 k - 4 scrolls of teleportation
 l - 2 scrolls of noise
 p - 3 scrolls of enchant weapon
 s - a scroll of brand weapon
 x - a scroll of holy word
 y - a scroll of magic mapping
 z - 2 scrolls of fear
 B - 2 scrolls of vulnerability {unknown}
 I - a scroll of immolation {unknown}
 M - a scroll of blinking {unknown}
Potions
 d - 5 potions of might
 f - 2 potions of mutation
 n - 3 potions of heal wounds
 o - 2 potions of cancellation
 r - 3 potions of brilliance {unknown}
 t - 4 potions of curing {unknown}
 u - 2 potions of berserk rage {unknown}
 v - 3 potions of attraction {unknown}
 w - 3 potions of degeneration {unknown}
 C - 4 potions of flight {unknown}
 K - a potion of haste {unknown}


   Skills:
 + Level 9.7(14.7) Fighting
 + Level 13.8(18.8) Long Blades
 + Level 11.2(16.2) Armour
 + Level 5.4(10.4) Dodging
 + Level 3.2(8.2) Stealth
 + Level 8.8(13.8) Shields
 + Level 0.4 Invocations
 + Level 1.9 Evocations


You had 10 spell levels left.
You didn't know any spells.
Your spell library contained the following spells:

 Spells                   Type           Power      Damage    Failure   Level
 Dazzling Flash           Conj/Hex       0%         N/A       97%         3
 Ozocubu's Armour         Ice            0%         N/A       97%         3
 Iskenderun's Mystic Bla  Conj/Tloc      0%         2d3       100%        4
 Metabolic Englaciation   Hex/Ice        0%         N/A       100%        5
 Starburst                Conj/Fire      0%         6d3       100%        6
 Simulacrum               Ice/Necr       Unusable   N/A       N/A         6

Dungeon Overview and Level Annotations

Branches:
Dungeon (11/15)            Temple (1/1) D:6            Lair (0/6) D:9
Ossuary (visited)
    Orc: D:9-12

Altars:
Ashenzari
Cheibriados
Fedhas
Hepliaklqana
Kikubaaqudgha
Makhleb
Nemelex Xobeh
Okawaru
Ru
Sif Muna
Trog
Uskayaw
Vehumet
Wu Jian
Xom
Yredelemnul
Zin
The Shining One

Shops:
D:4 !   D:5 *   D:8 ?([:*   D:9 :

Annotations:
D:7 3 runed translucent doors, duchin's ghost, novice DsGl
D:10 4 runed translucent doors


Innate Abilities, Weirdness & Mutations

You have a pair of horns on your head.
You reflexively headbutt those who attack you in melee.


Message History

The blast of flame misses you. The gnoll sergeant misses you.
You gain the combat prowess of a mighty hero.
You block the fire dragon's attack. The fire dragon barely misses you.
The fire dragon tramples you but does no damage.
The yak gores you but does no damage. The gnoll sergeant barely misses you.
You hit the fire dragon but do no damage.
The fire dragon is almost dead.
The yak closely misses you. You furiously retaliate!
You headbutt the yak! The fire dragon breathes flames at you.
The blast of flame hits you!! You resist.
* * * LOW HITPOINT WARNING * * *
A yak comes into view.
You block the gnoll sergeant's attack.
The yak bellows!
You hear a bellow!
You barely miss the fire dragon.
The fire dragon is almost dead.
You hear a bellow!
Unknown command.
You slash the fire dragon! You headbutt the fire dragon.
You kill the fire dragon!
Okawaru is honoured by your kill. Okawaru grants you a weapon!
Something appears at your feet!
You see here a +2 triple sword of holy wrath.
The fire dragon scales are intact enough to wear.
The yak gores you.
* * * LOW HITPOINT WARNING * * *
The gnoll sergeant hits you but does no damage.
Okay, then.
The yak barely misses you. You furiously retaliate!
You headbutt the yak. The gnoll sergeant barely misses you.
You furiously retaliate!
You headbutt the gnoll sergeant, but do no damage.
The gnoll closely misses you.
Things that are here:
+0 fire dragon scales; a fire dragon corpse A yak comes into view.
The yak gores you!
* * * LOW HITPOINT WARNING * * *
You block the gnoll sergeant's attack. The yak gores you!
You die...

..........# ..........#
.g.# ..........# ...#
..........# g..#
..........# ...#
.###..###.# ...#
.###+####.####### ...#
.............(..##g..#
...............Y@ggg.#
...............YY#g...#
.......[...Y...).#....#
..####.##Y###.######.##
. #+ #.###.########
..#....#...#
...#....'...#
....#...###### ...
.#...##


You could see 5 yaks, a gnoll sergeant and 4 gnolls.

Vanquished Creatures
  A fire dragon (D:11)
  A two-headed ogre (D:11)
  Erica (D:8)
  Pikel (D:8)
  Joseph (D:8)
  5 gargoyles (D:8)
  A kobold demonologist (D:9)
  A komodo dragon (D:9)
  A troll (D:9)
  Grinder (D:5)
  A hornet (D:9)
  Sigmund (D:3)
  14 yaks
  A wraith (D:9)
  4 wyverns (D:9)
  3 basilisks (D:9)
  2 steam dragons (D:9)
  Edmund (D:6)
  2 water moccasins
  Duvessa (D:5)
  3 acid dragons
  A black bear (D:6)
  8 orc warriors
  An ice beast (D:5)
  An ogre (D:2)
  A sky beast (D:7)
  A necrophage (D:5)
  A centaur (D:7)
  A lemure (D:8)
  4 kobold brigands
  3 bullfrogs
  A gnoll sergeant (D:7)
  A scorpion (D:7)
  Dowan (D:5)
  8 wights
  2 howler monkeys
  4 hounds
  Ijyb (D:3)
  A bullfrog skeleton (D:7)
  5 orc priests
  7 iguanas
  Natasha (thrice) (D:3)
  2 orc wizards (D:10)
  2 killer bee zombies
  A hound skeleton (D:4)
  9 mummies
  A howler monkey zombie (D:11)
  6 adders
  3 gnolls (D:7)
  3 shadow imps
  A white imp (D:5)
  An ufetubus (D:6)
  An adder skeleton (D:5)
  4 worms
  44 orcs
  5 bats
  5 endoplasms
  2 giant cockroaches
  13 goblins
  3 hobgoblins
  9 jackals
  14 kobolds
  7 quokkas
  10 ball pythons
  2 frilled lizards (D:1)
  A gnoll zombie (Ossuary)
  3 hobgoblin zombies (Ossuary)
  2 kobold zombies (Ossuary)
  2 orc zombies (Ossuary)
  2 rats
261 creatures vanquished.

Vanquished Creatures (others)
  4 plants (D:7)
4 creatures vanquished.

Grand Total: 265 creatures vanquished

Notes
Turn   | Place    | Note
-------+----------+-------------------------------------------
     0 | D:1      | Peloso the Minotaur Fighter began the quest for the Orb.
     0 | D:1      | Reached XP level 1. HP: 19/19 MP: 0/0
    36 | D:1      | Reached XP level 2. HP: 12/27 MP: 1/1
   751 | D:1      | Reached skill level 3 in Long Blades
   751 | D:1      | Reached XP level 3. HP: 33/33 MP: 2/2
  1129 | D:2      | Noticed an ogre
  1135 | D:2      | Killed an ogre
  1136 | D:2      | Reached skill level 4 in Long Blades
  1136 | D:2      | Reached skill level 1 in Dodging
  1136 | D:2      | Reached XP level 4. HP: 38/40 MP: 3/3
  1136 | D:2      | Reached XP level 5. HP: 44/46 MP: 4/4
  1733 | D:3      | Noticed Natasha
  1736 | D:3      | Killed Natasha
  1751 | D:3      | Found a bloodstained altar of Trog.
  1929 | D:3      | Reached skill level 5 in Armour
  1982 | D:3      | Noticed Sigmund
  2003 | D:3      | Killed Sigmund
  2004 | D:3      | Reached skill level 5 in Long Blades
  2004 | D:3      | Reached XP level 6. HP: 50/53 MP: 5/5
  2217 | D:3      | Noticed Natasha
  2263 | D:3      | Killed Natasha
  2300 | D:3      | Noticed Ijyb
  2348 | D:3      | Killed Ijyb
  2498 | D:3      | Noticed Natasha
  2504 | D:3      | Killed Natasha
  2505 | D:3      | Reached skill level 6 in Long Blades
  2649 | D:3      | Found a faded altar of an unknown god.
  2826 | D:4      | Reached skill level 5 in Fighting
  2855 | D:4      | Found Gaisoh's Distillery.
  2868 | D:4      | Reached XP level 7. HP: 49/61 MP: 6/6
  2936 | D:4      | Found a sand-covered staircase.
  2991 | Ossuary  | Entered an ossuary
  4176 | D:4      | Reached skill level 7 in Long Blades
  4292 | D:5      | Entered Level 5 of the Dungeon
  4440 | D:5      | Noticed Grinder
  4453 | D:5      | Paralysed by Grinder for 5 turns
  4467 | D:5      | Paralysed by Grinder for 5 turns
  4476 | D:5      | Killed Grinder
  4477 | D:5      | Reached XP level 8. HP: 41/69 MP: 7/7
  4702 | D:5      | Reached skill level 5 in Shields
  5050 | D:5      | Found Moeh's Gadget Gallery.
  5059 | D:5      | Noticed Duvessa
  5060 | D:5      | Noticed Dowan
  5068 | D:5      | Killed Duvessa
  5076 | D:5      | Killed Dowan
  5448 | D:5      | Reached skill level 8 in Long Blades
  5448 | D:5      | Reached skill level 1 in Stealth
  5503 | D:6      | Found an ornate altar of the Wu Jian Council.
  5520 | D:6      | Noticed Edmund
  5531 | D:6      | Killed Edmund
  6472 | D:6      | Reached skill level 9 in Long Blades
  6472 | D:6      | Reached XP level 9. HP: 70/77 MP: 8/8
  6573 | D:6      | Found a staircase to the Ecumenical Temple.
  6581 | Temple   | Entered the Ecumenical Temple
  6671 | Temple   | Became a worshipper of Warmaster Okawaru
  7196 | D:7      | Found an ancient bone altar of Kikubaaqudgha.
  7416 | D:7      | Identified the ring "Sykakk" {+Blink rCorr Str+3}
  8068 | D:7      | Found a runed translucent gate.
  8069 | D:7      | Found a runed translucent gate.
  8069 | D:7      | Noticed duchin's ghost (novice DsGl)
  8070 | D:7      | Found a runed translucent gate.
  8071 | D:7      | Noticed a kobold demonologist
  8283 | D:8      | Found a glowing golden altar of the Shining One.
  8293 | D:8      | Noticed Pikel
  8300 | D:8      | Paralysed by Pikel for 2 turns
  8326 | D:8      | Paralysed by Pikel for 2 turns
  8328 | D:8      | Killed Pikel
  8328 | D:8      | Reached * piety under Okawaru
  8329 | D:8      | Reached skill level 10 in Long Blades
  8459 | D:8      | Noticed Erica
  8469 | D:8      | Killed Erica
  8469 | D:8      | Reached ** piety under Okawaru
  8697 | D:8      | Found Ecloiq's Weapon Boutique.
  8721 | D:8      | Reached skill level 10 in Armour
  8721 | D:8      | Reached XP level 10. HP: 45/86 MP: 9/9
  8894 | D:8      | Found Oly Neira's Magic Scroll Emporium.
  8906 | D:8      | Bought a scroll of identify for 28 gold pieces
  8906 | D:8      | Bought a scroll of identify for 28 gold pieces
  8906 | D:8      | Bought a scroll of identify for 28 gold pieces
  8907 | D:8      | Found Qiotsy's Antique Armour Boutique.
  8926 | D:8      | Found Owaulo's General Store.
  8991 | D:8      | Noticed Joseph
  9000 | D:8      | Killed Joseph
  9028 | D:8      | Noticed a gargoyle
  9031 | D:8      | Killed a gargoyle
  9032 | D:8      | Reached skill level 11 in Long Blades
  9039 | D:8      | Noticed a gargoyle
  9043 | D:8      | Killed a gargoyle
  9217 | D:8      | Noticed a gargoyle
  9219 | D:8      | Killed a gargoyle
  9219 | D:8      | Reached *** piety under Okawaru
  9318 | D:8      | Noticed a gargoyle
  9332 | D:8      | Killed a gargoyle
  9567 | D:8      | Noticed a gargoyle
  9570 | D:8      | Killed a gargoyle
  9571 | D:8      | Reached skill level 1 in Evocations
  9801 | D:8      | Found Yfits's Book Shop.
 10113 | D:9      | Reached skill level 12 in Long Blades
 10177 | D:9      | Reached **** piety under Okawaru
 10233 | D:9      | Found a glowing silver altar of Zin.
 10356 | D:9      | Reached XP level 11. HP: 39/97 MP: 10/10
 10651 | D:9      | Found Janunt's Book Shop.
 11141 | D:9      | Found a shimmering blue altar of Sif Muna.
 11544 | D:9      | Reached ***** piety under Okawaru
 11545 | D:9      | Reached skill level 13 in Long Blades
 11557 | D:9      | Found a staircase to the Lair.
 11575 | D:9      | Received a gift from Okawaru
 11576 | D:9      | Reached skill level 5 in Dodging
 11727 | D:10     | Entered Level 10 of the Dungeon
 11729 | D:10     | Found a huge runed translucent gate.
 11729 | D:10     | Noticed a death yak
 11730 | D:10     | Found a huge runed translucent gate.
 11730 | D:10     | Found a huge runed translucent gate.
 11730 | D:10     | Found a huge runed translucent gate.
 11736 | D:10     | Found a hide-covered altar of Uskayaw.
 12379 | D:10     | Found a snail-covered altar of Cheibriados.
 12724 | D:10     | Found a basalt altar of Yredelemnul.
 12772 | D:11     | Noticed a two-headed ogre
 12780 | D:11     | Killed a two-headed ogre
 13245 | D:11     | Identified the +0 leather armour "Gadis" {Fly rCorr Int+2}
 13272 | D:11     | Noticed a fire dragon
 13298 | D:11     | Killed a fire dragon
 13298 | D:11     | Received a gift from Okawaru
 13300 | D:11     | Slain by a yak

Illustrated notes

Levels and vault maps discovered:
D:1:      doesnt_arrival_eight_statues, layout_basic
D:2:      layout_loops_ring
D:3:      kennysheep_goblin_castle, layout_basic,
          mainiacjoe_overflow_small_starburst, basic_ecumenical_altar,
          minmay_strange_pillars, uniq_ijyb, uniq_sigmund, uniq_natasha
D:4:      layout_basic, gup_ossuary_entry_pyramid, nicolae_take_the_stairs
D:5:      nicolae_cairo_tiling_very_big, layout_cave_pods, nicolae_shop_gadgets,
          uniq_duvessa, uniq_grinder
D:6:      layout_gridville, lemuel_doored_altar,
          minmay_temple_entry_enclosed_plants, uniq_edmund
D:7:      layout_loops_corners, kiku_gazebo_pond_becter,
          gammafunk_ghost_nasty_kobolds
D:8:      cheibrodos_statue_roulette, layout_basic, tso_metal_star,
          serial_shops, nicolae_shop_trees, nicolae_diamond_shop, shop_coins,
          shop, nicolae_shop_bloodbath_and_beyond, kennysheep_cluttered_room,
          uniq_erica, uniq_pikel, uniq_joseph
D:9:      layout_roguey [special_room_orc], kennysheep_mini_moat,
          mainiacjoe_overflow_surrounded_room, erik_lair_dragon, serial_shops,
          shop
D:10:     lemuel_bear_cage, layout_long_grid, eat_drink_and_be_merry_uskayaw,
          cheibriados_altar_1, lemuel_round_altar, minmay_misc_feat_rugged,
          nicolae_sextant
D:11:     minmay_weird_star, layout_gridville
Temple:   oiseaux_autumnal_temple

Skill      XL: |  1  2  3  4  5  6  7  8  9 10 11 |
---------------+----------------------------------+-----
Shields        | 4 5 6 7 8 |  8.8
Armour         | 4 5 7 8 10 11 | 11.2
Long Blades    | 3 4 5 6 7 9 10 12 13 | 13.8
Fighting       | 4 5 6 7 9 |  9.7
Dodging        | 1 2 3 4 5 |  5.4
Stealth        | 1 2 3 |  3.2
Evocations     | 1 |  1.9
Invocations    | |  0.4

Action                   |  1- 3 |  4- 6 |  7- 9 | 10-12 || total
-------------------------+-------+-------+-------+-------++-------
Melee: Long sword        |    91 |    89 |   303 |       ||   483
       Headbutt          |    11 |    17 |    63 |    60 ||   151
       Scimitar          |       |       |    33 |   265 ||   298
Invok: Heroism           |       |       |     1 |     4 ||     5
Evoke: Wand              |       |       |     4 |     4 ||     8
  Use: Potion            |     1 |       |     1 |     1 ||     3
       Scroll            |       |     4 |     4 |     6 ||    14
 Stab: Paralysed         |       |       |     5 |     3 ||     8
Armor: Scale mail        |    48 |     8 |   168 |    48 ||   272
       Chain mail        |       |    41 |       |       ||    41
Dodge: Dodged            |    55 |    38 |   179 |    84 ||   356
Block: Buckler           |    28 |    18 |    94 |   104 ||   244
       Reflection        |       |       |       |     1 ||     1
